 Dungeon Crawl Stone Soup version 0.25-a0-544-gee0576305d (webtiles) character file.

Game seed: 18175355443294057553, levelgen mode: classic

182 EnegeticOcto the Shield-Bearer (level 5, 38/50 HPs)
             Began as a Deep Dwarf Fighter on Feb 20, 2020.
             Quit the game on level 4 of the Dungeon.
             The game lasted 00:00:21 (360 turns).

EnegeticOcto the Shield-Bearer (Deep Dwarf Fighter)  Turns: 360, Time: 00:00:22

Health: 38/50      AC:  7    Str: 21    XL:     5   Next: 35%
Magic:  5/5        EV:  8    Int:  8    God:
Gold:   13         SH:  9    Dex: 12    Spells: 4/4 levels left

rFire    . . .     SeeInvis .   a - +0 war axe
rCold    . . .     Gourm    .   c - +0 kite shield
rNeg     . . .     Faith    .   b - +0 scale mail
rPois    .         Spirit   .   (no helmet)
rElec    .         Reflect  .   (no cloak)
rCorr    .         Harm     .   (no gloves)
MR       .....                  (no boots)
Stlth    ..........             (no amulet)
HPRegen  0.00/turn              (no ring)
MPRegen  0.09/turn              (no ring)

@: non-regenerating
A: damage resistance, heal wounds, sense surroundings 1, no regeneration
a: Heal Wounds


You were on level 4 of the Dungeon.
You were not hungry.

You visited 1 branch of the dungeon, and saw 4 of its levels.

You collected 13 gold pieces.

Inventory:

Hand Weapons
 a - a +0 war axe (weapon)
Armour
 b - a +0 scale mail (worn)
 c - a +0 kite shield (worn)
Scrolls
 d - a scroll of identify {unknown}
 g - a scroll of remove curse {unknown}
 i - 2 scrolls of teleportation {unknown}
 j - a scroll of fog {unknown}
Potions
 f - a potion of curing {unknown}
 k - a potion of might {@q3}
Comestibles
 e - 2 rations
 h - 4 chunks of flesh


   Skills:
 * Level 3.6 Fighting
 * Level 3.9 Axes
 + Level 3.9 Armour
 + Level 1.7 Dodging
 + Level 3.9 Shields


You had 4 spell levels left.
You didn't know any spells.
Your spell library was empty.

Dungeon Overview and Level Annotations

Branches:
Dungeon (4/15)
 Temple: D:4-7

Altars:


Innate Abilities, Weirdness & Mutations

You are resistant to damage.
You can heal yourself by infusing magical energy.
You passively map a small area around you.
You do not regenerate.


Message History

You block the orc's attack. The orc barely misses you.
You slash the orc!
You kill the orc!
The orc hits you but does no damage.
You slash the orc!
You kill the orc!
No target in view!
No target in view!
No target in view!
No target in view!
No target in view!
Items here: )))) [[[ ††† You butcher the orc corpse.
h - 11 chunks of flesh (gained 1)
You butcher the orc corpse.
h - 12 chunks of flesh (gained 1)
You butcher the orc corpse.
h - 13 chunks of flesh (gained 1)
Items here: )))) [[[ ÷÷÷ x2
Found a stone staircase leading up.
Some of the chunks of flesh in your inventory have rotted away.
There is a stone staircase leading up here.
You now have 13 gold pieces.
Some of the chunks of flesh in your inventory have rotted away.
An orc and a skeleton come into view.
The orc shouts!
There are monsters nearby!
There are monsters nearby!
You slash the orc!
You kill the orc!
A hound comes into view.
You slash the jackal skeleton!
You destroy the jackal skeleton!
You see here a +0 leather armour.
The hound barely misses you.
You completely miss the hound. You block the hound's attack. x2
You miss the hound. The hound barely misses you. You block the hound's attack.
You hit the hound.
The hound is moderately wounded.
The hound bites you but does no damage. The hound bites you.
You barely miss the hound.
The hound is moderately wounded.
The hound bites you but does no damage. You block the hound's attack.
You miss the hound.
The hound is moderately wounded.
You block the hound's attack. The hound bites you.
You slash the hound!
The hound is almost dead.
You block the hound's attack. The hound bites you.
The hound stops to sniff the ground.
The hound bites you.
You miss the hound.
The hound is almost dead.
The hound bites you but does no damage. The hound closely misses you.
You hit the hound.
The hound is almost dead.
You block the hound's attack. The hound bites you but does no damage.
You closely miss the hound.
The hound is almost dead.
The hound bites you but does no damage. x2
You slash the hound!
You kill the hound!
You have reached level 5!
Some of the chunks of flesh in your inventory have rotted away.
i - 2 scrolls labeled QUYHAYMAOPT (gained 1)
Found 21 bolts.
Found a stone staircase leading down and a stone staircase leading up.
There is a stone staircase leading down here.
Found a stone staircase leading down.
A centaur zombie comes into view.
The centaur zombie moves out of view.
There is a stone staircase leading down here.
The centaur zombie barely misses you.
The centaur zombie is too close now for your liking.
You see here 20 gold pieces.
A centaur zombie is nearby!
A centaur zombie is nearby!
A centaur zombie is nearby!
You slash the centaur zombie!
The centaur zombie is moderately damaged.
You block the centaur zombie's attack.
The centaur zombie hits you but does no damage.
You slash the centaur zombie!
The centaur zombie is severely damaged.
The centaur zombie hits you but does no damage.
You hit the centaur zombie.
The centaur zombie is severely damaged.
The centaur zombie hits you but does no damage. x2
You slash the centaur zombie!
The centaur zombie is almost destroyed.
The centaur zombie hits you. x2
You slash the centaur zombie!
You destroy the centaur zombie!
No target in view!
No target in view!
No target in view!
No target in view!
No target in view!
No target in view!
Are you sure you want to abandon this character and quit the game? (Confirm with "yes".)

#.#
#.....##..##.
#.#
*##...[##.....
#.#*
,##.......###
#.#*,,
##...#.#...
#.#*,
..##..#.#.⌠. #.#
.. .##.#.#...
#.#
.#...,###..###
#>#...... , #..
≈
#@.......,,*....
###...#.# ...#
#.##,* , .#* ⌠ #
, *,, , ,* , *


There were no monsters in sight!

Vanquished Creatures
  A centaur zombie (D:4)
  A hound (D:4)
  An orc priest (D:4)
  An orc wizard (D:4)
  4 adders (D:2)
  An adder skeleton (D:4)
  A worm (D:2)
  4 orcs (D:4)
  A bat (D:2)
  2 goblins
  A hobgoblin (D:3)
  A kobold (D:2)
  A quokka (D:2)
  A jackal skeleton (D:4)
21 creatures vanquished.

Notes
Turn   | Place    | Note
-------+----------+-------------------------------------------
     0 | D:1      | EnegeticOcto the Deep Dwarf Fighter began the quest for the
                  | Orb.
     0 | D:1      | Reached XP level 1. HP: 20/20 MP: 1/1
    21 | D:2      | Reached XP level 2. HP: 27/27 MP: 2/2
    80 | D:2      | Reached XP level 3. HP: 17/34 MP: 3/3
   201 | D:2      | Reached skill level 1 in Dodging
   254 | D:4      | Reached XP level 4. HP: 42/42 MP: 4/4
   336 | D:4      | Reached XP level 5. HP: 41/49 MP: 5/5
   360 | D:4      | Quit the game

Levels and vault maps discovered:
D:1:      dpeg_arrival_fog, layout_rooms, dk_noncrumbling_2,
          grunt_decor_resistance
D:2:      layout_basic
D:3:      layout_rooms, first_ration, kennysheep_big_empty_room
D:4:      layout_loops_ring, nrook_mini_backslash, fountainhead

Skill      XL: |  1  2  3 |
---------------+----------+-----
Fighting       | 3 |  3.6
Axes           | 3 |  3.9
Dodging        | 1 |  1.7
Armour         | |  3.9
Shields        | |  3.9

Action                   |  1- 3 |  4- 6 || total
-------------------------+-------+-------++-------
Melee: War axe           |    41 |    27 ||    68
 Abil: Heal Wounds       |     1 |       ||     1
Armor: Scale mail        |    15 |    14 ||    29
Dodge: Dodged            |    18 |     6 ||    24
Block: Kite shield       |    25 |    11 ||    36

Table legend:
 A = Non-vault XP
 B = Vault XP
 C = Vault XP percentage of total XP
 D = Non-vault monster count
 E = Vault monster count
 F = Vault count percentage of total count
                 A         B        C        D         E       F
            +---------+---------+-------+---------+---------+-------
      Total |     261 |       0 |   0.0 |      21 |       0 |   0.0
            +---------+---------+-------+---------+---------+-------
        D:2 |      66 |       0 |   0.0 |       9 |       0 |   0.0
        D:3 |       4 |       0 |   0.0 |       2 |       0 |   0.0
        D:4 |     191 |       0 |   0.0 |      10 |       0 |   0.0
            +---------+---------+-------+---------+---------+-------
